 Dungeon Crawl Stone Soup version 0.25-a0-58-g9dd530fc12 (webtiles) character file.

Game seed: 5085463094094604136, levelgen mode: deterministic

11608 keltmir the Thaumaturge (level 11, -1/86 HPs)
             Began as a Gnoll Skald on Oct 27, 2019.
             Was a High Priest of Okawaru.
             Slain by an ice devil (21 damage)
             ... on level 12 of the Dungeon.
             The game lasted 00:45:05 (13921 turns).

keltmir the Thaumaturge (Gnoll Skald)              Turns: 13921, Time: 00:45:06

Health: -1/86      AC: 12    Str: 16    XL:     11   Next: 80%
Magic:  10/23      EV: 22    Int: 15    God:    Okawaru [*****.]
Gold:   499        SH:  0    Dex: 19    Spells: 19/26 levels left

rFire    . . .     SeeInvis .   C - +2 spear (venom)
rCold    . . .     Gourm    .   (no shield)
rNeg     + . .     Faith    .   M - +2 ring mail {rN+}
rPois    +         Spirit   .   Q - +1 hat
rElec    .         Reflect  .   g - +0 cloak
rCorr    .         Harm     .   N - +0 pair of gloves
MR       .....                  (no boots)
Stlth    +++.......             a - amulet of regeneration
HPRegen  1.64/turn              O - ring "Xesk" {rPois EV+5}
MPRegen  0.18/turn              S - +3 ring of dexterity

@: regenerating
A: distributed training, fangs 1, strong nose
a: Heroism, Finesse, Renounce Religion


You were on level 12 of the Dungeon.
You worshipped Okawaru.
Okawaru was extremely pleased with you.
You were not hungry.

You visited 2 branches of the dungeon, and saw 13 of its levels.
You also visited: Ossuary.

You collected 701 gold pieces.
You spent 202 gold pieces at shops.

Inventory:

Hand Weapons
 j - a +0 whip of electrocution
 C - a +2 spear of venom (weapon)
Missiles
 b - 7 curare-tipped darts
 q - 3 boomerangs (quivered)
 w - 6 datura-tipped darts
 D - 4 throwing nets
 R - 5 silver boomerangs
Armour
 g - a +0 cloak (worn)
 y - a +0 buckler
 H - a +3 chain mail
 M - a +2 ring mail of positive energy (worn)
 N - a +0 pair of gloves (worn)
 Q - a +1 hat (worn)
Jewellery
 a - an amulet of regeneration (around neck)
 e - an uncursed ring of resist corrosion
 p - an uncursed ring of see invisible
 G - an uncursed ring of protection from cold
 O - the ring "Xesk" (left hand) {rPois EV+5}
   (You found it on level 9 of the Dungeon)

   [ring of evasion]

   It affects your evasion (+5).
   It protects you from poison.
 S - a +3 ring of dexterity (right hand)
 T - an uncursed ring of wizardry
Wands
 c - a wand of random effects (63)
 t - a wand of iceblast (3)
 J - a wand of disintegration (6)
Scrolls
 f - 7 scrolls of enchant armour
 m - 5 scrolls of teleportation
 n - 3 scrolls of remove curse
 r - a scroll of silence {unknown}
 s - 3 scrolls of amnesia
 u - 3 scrolls of enchant weapon
 v - 2 scrolls of fear {unknown}
 x - 2 scrolls of identify
 z - a scroll of random uselessness {unknown}
 B - 4 scrolls of fog
 E - 2 scrolls of magic mapping
 F - a scroll of noise {unknown}
 U - a scroll of blinking {unknown}
Potions
 h - 2 potions of mutation
 i - 12 potions of curing
 k - 3 potions of invisibility
 l - 2 potions of agility
 o - 2 potions of lignification
 A - 4 potions of cancellation
 I - 3 potions of might
 K - 2 potions of flight
 P - 3 potions of brilliance
Comestibles
 d - 26 rations


   Skills:
 + Level 8.0 Fighting
 + Level 6.5 Short Blades
 + Level 6.5 Long Blades
 + Level 6.5 Axes
 + Level 6.5 Maces & Flails
 + Level 8.0 Polearms
 + Level 6.5 Staves
 + Level 6.5 Slings
 + Level 6.5 Bows
 + Level 6.5 Crossbows
 + Level 6.5 Throwing
 + Level 7.1 Armour
 + Level 8.0 Dodging
 + Level 6.5 Stealth
 + Level 6.5 Shields
 + Level 6.5 Unarmed Combat
 + Level 8.3 Spellcasting
 + Level 5.4 Conjurations
 + Level 5.4 Hexes
 + Level 7.8 Charms
 + Level 5.4 Summonings
 + Level 5.4 Necromancy
 + Level 5.4 Translocations
 + Level 5.4 Transmutations
 + Level 5.4 Fire Magic
 + Level 5.4 Ice Magic
 + Level 5.4 Air Magic
 + Level 5.4 Earth Magic
 + Level 5.4 Poison Magic
 + Level 7.1 Invocations
 + Level 6.5 Evocations


You had 19 spell levels left.
You knew the following spells:

 Your Spells              Type           Power        Failure   Level  Hunger
a - Infusion              Chrm           ####         1%          1    None
b - Spectral Weapon       Hex/Chrm       ####....     4%          3    ##.....
c - Regeneration          Chrm/Necr      ####......   4%          3    ##.....

Your spell library contained the following spells:

 Spells                   Type           Power        Failure   Level  Hunger
 Shroud of Golubria       Chrm/Tloc      ####..       1%          2    None
 Song of Slaying          Chrm           ####....     1%          2    None


Dungeon Overview and Level Annotations

Branches:
Dungeon (12/15)            Temple (1/1) D:4            Lair (0/6) D:8
    Orc (0/2) D:11        Ossuary (visited)

Altars:
Elyvilon
Fedhas
Gozag
Hepliaklqana
Kikubaaqudgha
Nemelex Xobeh
Okawaru
Ru
Sif Muna
Uskayaw
Wu Jian
Xom
Yredelemnul
Zin
The Shining One

Shops:
D:6 ?   D:8 =?   D:9 %   D:12 *

Portals:
Ice
Cave: D:12


Innate Abilities, Weirdness & Mutations

Your experience applies equally to all skills.
You have very sharp teeth.
Your uncanny sense of smell can sniff out nearby items.


Message History

The ice devil is heavily wounded.
Your hands slow down.
Your spectral weapon hits the ice devil but does no damage.
You closely miss the ice devil.
The ice devil is heavily wounded.
Your spectral weapon hits the ice devil.
The ice devil hits you but does no damage.
You hit the ice devil but do no damage. Your bite misses the ice devil.
The ice devil is severely wounded.
Your spectral weapon hits the ice devil but does no damage.
The ice devil looks as sick as possible!
You hit the ice devil.
The ice devil looks as sick as possible!
You punch the ice devil.
The ice devil is severely wounded.
Your spectral weapon hits the ice devil but does no damage.
The ice devil hits you.
* * * LOW HITPOINT WARNING * * *
The ice devil freezes you!!
You die...

#......<#
#........###......
#.......# #........#
#...... ***#..###.<#
#.######.# #...§..
,,(...* #..# #.# #.#
#...... *###..* #..# #.#
#.# #.....∩ ,,*#.,* #..#
#.# #.# #...... **,,,,*
#..# #.# #.# #...≈..
,**,,,* #..#####4# #.#
#......
,,**,,**#......(@# *.#
#......
,,,**,,*#........# *,*
#......
*,,,**,,#........# *,*
#......
++,⌠,++..........# *,*
#......
*,,,**,.....)....# *,*
*,,,,,,
,,,**,,##........# ****,*
*,,,,,,
,,**,,**#........# *,,,,*
*,,,,,, ,**,,,*
#........#**,**,***,,,,,,
**,,,,*
#....>..$.,,,,,,,,,,,,,,,


You could see an ice devil and a friendly spectral +2 spear of venom.

Vanquished Creatures
  Harold (D:7)
  A manticore (D:11)
  A moth of wrath (shapeshifter) (D:9)
  An elephant (D:8)
  A gargoyle (D:10)
  An ice devil (D:12)
  A troll (D:11)
  5 hippogriffs
  3 hornets
  Sigmund (D:5)
  2 wraiths (D:8)
  A wyvern (D:8)
  2 basilisks (D:8)
  8 yaks
  A water moccasin (D:7)
  5 orc warriors
  4 ice beasts
  2 sky beasts
  2 necrophages (D:8)
  4 ogres
  An eye of draining (D:8)
  3 phantoms
  3 big kobolds
  2 elf zombies (Ossuary)
  Blork the orc (D:6)
  3 bullfrogs
  A gnoll sergeant (D:8)
  4 scorpions
  A troll skeleton (D:8)
  10 killer bees (D:10)
  An electric eel (D:11)
  8 wights
  A howler monkey (D:7)
  3 bullfrog zombies
  3 crimson imps
  3 human zombies
  A quasit (D:6)
  2 bullfrog skeletons
  5 jellies
  3 orc priests
  5 hounds
  7 orc wizards
  2 centaur skeletons
  A gnoll shaman (D:8)
  An iguana (D:6)
  Natasha (D:3)
  3 worker ants
  A big kobold zombie (Ossuary)
  An ogre zombie (D:8)
  2 hound zombies
  A hound skeleton (D:4)
  7 mummies
  A worker ant zombie (D:9)
  15 gnolls
  17 adders
  A shadow imp (D:8)
  An ooze (D:4)
  An adder skeleton (D:8)
  2 worms
  8 leopard geckos
  30 orcs
  4 giant cockroaches
  A gnoll zombie (Ossuary)
  14 goblins
  6 hobgoblins
  15 jackals
  14 kobolds
  8 quokkas
  A ball python (D:7)
  10 bats
  5 frilled lizards
  A goblin zombie (Ossuary)
  A hobgoblin zombie (Ossuary)
  A jackal skeleton (D:7)
  2 jackal zombies (Ossuary)
  A kobold zombie (Ossuary)
  2 orc zombies
  6 rats
306 creatures vanquished.

Vanquished Creatures (collateral kills)
  A jackal (D:6)
1 creature vanquished.

Vanquished Creatures (others)
  2 fungi (D:8)
  5 spectral weapons
7 creatures vanquished.

Grand Total: 314 creatures vanquished

Notes
Turn   | Place    | Note
-------+----------+-------------------------------------------
     0 | D:1      | keltmir the Gnoll Skald began the quest for the Orb.
     0 | D:1      | Reached XP level 1. HP: 20/20 MP: 6/6
   501 | D:1      | Reached XP level 2. HP: 26/26 MP: 4/7
   702 | D:1      | Found a blossoming altar of Fedhas.
   870 | D:1      | Reached XP level 3. HP: 31/31 MP: 9/9
   875 | D:1      | Learned a level 3 spell: Spectral Weapon
   979 | D:1      | Reached skill level 5 in Spellcasting
  1292 | D:2      | Reached skill level 1 in Invocations
  1504 | D:2      | Found an ornate altar of the Wu Jian Council.
  1670 | D:2      | Reached skill level 1 in Short Blades
  1670 | D:2      | Reached skill level 1 in Long Blades
  1670 | D:2      | Reached skill level 1 in Axes
  1670 | D:2      | Reached skill level 1 in Maces & Flails
  1670 | D:2      | Reached skill level 1 in Staves
  1670 | D:2      | Reached skill level 1 in Slings
  1670 | D:2      | Reached skill level 1 in Bows
  1670 | D:2      | Reached skill level 1 in Crossbows
  1670 | D:2      | Reached skill level 1 in Throwing
  1670 | D:2      | Reached skill level 1 in Stealth
  1670 | D:2      | Reached skill level 1 in Shields
  1670 | D:2      | Reached skill level 1 in Unarmed Combat
  1670 | D:2      | Reached skill level 1 in Evocations
  1895 | D:2      | Reached XP level 4. HP: 38/38 MP: 7/11
  2301 | D:2      | Reached skill level 1 in Conjurations
  2301 | D:2      | Reached skill level 1 in Hexes
  2301 | D:2      | Reached skill level 1 in Summonings
  2301 | D:2      | Reached skill level 1 in Necromancy
  2301 | D:2      | Reached skill level 1 in Translocations
  2301 | D:2      | Reached skill level 1 in Transmutations
  2301 | D:2      | Reached skill level 1 in Fire Magic
  2301 | D:2      | Reached skill level 1 in Ice Magic
  2301 | D:2      | Reached skill level 1 in Air Magic
  2301 | D:2      | Reached skill level 1 in Earth Magic
  2301 | D:2      | Reached skill level 1 in Poison Magic
  2423 | D:3      | Found an ancient bone altar of Kikubaaqudgha.
  2585 | D:3      | Reached XP level 5. HP: 36/43 MP: 9/12
  2896 | D:3      | Noticed Natasha
  2904 | D:3      | Killed Natasha
  3033 | D:3      | Found an opulent altar of Gozag.
  3240 | D:3      | Reached XP level 6. HP: 48/50 MP: 9/13
  3395 | D:3      | Found a faded altar of an unknown god.
  3578 | D:3      | Reached skill level 5 in Fighting
  3578 | D:3      | Reached skill level 5 in Polearms
  3578 | D:3      | Reached skill level 5 in Dodging
  3872 | D:4      | Noticed a phantom
  3918 | D:4      | Killed a phantom
  3918 | D:4      | Reached XP level 7. HP: 48/56 MP: 15/15
  4287 | D:4      | Found a staircase to the Ecumenical Temple.
  4354 | Temple   | Entered the Ecumenical Temple
  4366 | Temple   | Became a worshipper of Warmaster Okawaru
  4843 | D:5      | Entered Level 5 of the Dungeon
  5264 | D:5      | Reached XP level 8. HP: 56/63 MP: 9/16
  5321 | D:5      | Noticed Sigmund
  5327 | D:5      | Killed Sigmund
  5406 | D:6      | Reached * piety under Okawaru
  5440 | D:6      | Noticed Blork the orc
  5448 | D:6      | Killed Blork the orc
  5842 | D:6      | Found Haekleg's Magic Scroll Boutique.
  5848 | D:6      | Bought a scroll of magic mapping for 38 gold pieces
  6590 | D:7      | Noticed a hippogriff
  6598 | D:7      | Killed a hippogriff
  6598 | D:7      | Reached XP level 9. HP: 41/69 MP: 18/18
  6750 | D:7      | Reached ** piety under Okawaru
  6861 | D:7      | Noticed Harold
  6878 | D:7      | Killed Harold
  6878 | D:7      | Reached skill level 5 in Armour
  7169 | D:7      | Reached skill level 5 in Invocations
  7397 | D:6      | Reached *** piety under Okawaru
  8046 | D:7      | Found a hide-covered altar of Uskayaw.
  8137 | D:7      | Reached XP level 10. HP: 77/77 MP: 17/20
  8164 | D:7      | Found a sacrificial altar of Ru.
  8493 | D:8      | Found a sand-covered staircase.
  8502 | Ossuary  | Entered an ossuary
  8576 | Ossuary  | Learned a level 3 spell: Regeneration
  9008 | D:8      | Found Vezenuch's Jewellery Shoppe.
  9008 | D:8      | Found Huilant's Magic Scroll Emporium.
  9030 | D:8      | Bought a scroll of enchant weapon for 82 gold pieces
  9030 | D:8      | Bought a scroll of enchant armour for 82 gold pieces
  9140 | D:8      | Found a basalt altar of Yredelemnul.
  9168 | D:8      | Reached skill level 5 in Short Blades
  9168 | D:8      | Reached skill level 5 in Long Blades
  9168 | D:8      | Reached skill level 5 in Axes
  9168 | D:8      | Reached skill level 5 in Maces & Flails
  9168 | D:8      | Reached skill level 5 in Staves
  9168 | D:8      | Reached skill level 5 in Slings
  9168 | D:8      | Reached skill level 5 in Bows
  9168 | D:8      | Reached skill level 5 in Crossbows
  9168 | D:8      | Reached skill level 5 in Throwing
  9168 | D:8      | Reached skill level 5 in Stealth
  9168 | D:8      | Reached skill level 5 in Shields
  9168 | D:8      | Reached skill level 5 in Unarmed Combat
  9168 | D:8      | Reached skill level 5 in Evocations
  9798 | D:8      | Found a staircase to the Lair.
  9831 | D:8      | Reached **** piety under Okawaru
  9946 | D:8      | Identified the +2 robe of Quseefi {rN+}
 10639 | D:8      | Noticed an elephant
 10650 | D:8      | Killed an elephant
 10650 | D:8      | Received a gift from Okawaru
 11244 | D:8      | Reached ***** piety under Okawaru
 11399 | D:9      | Got a brightly glowing platinum ring
 11401 | D:9      | Identified the ring "Xesk" {rPois EV+5} (You found it on
                  | level 9 of the Dungeon)
 11453 | D:9      | Noticed a moth of wrath
 11463 | D:9      | Killed a moth of wrath
 11463 | D:9      | Reached XP level 11. HP: 71/84 MP: 19/22
 11695 | D:9      | Found a shimmering altar of Xom.
 11946 | D:9      | Found Nuziry's Food Shoppe.
 12182 | D:10     | Entered Level 10 of the Dungeon
 12272 | D:10     | Reached skill level 5 in Conjurations
 12272 | D:10     | Reached skill level 5 in Hexes
 12272 | D:10     | Reached skill level 5 in Summonings
 12272 | D:10     | Reached skill level 5 in Necromancy
 12272 | D:10     | Reached skill level 5 in Translocations
 12272 | D:10     | Reached skill level 5 in Transmutations
 12272 | D:10     | Reached skill level 5 in Fire Magic
 12272 | D:10     | Reached skill level 5 in Ice Magic
 12272 | D:10     | Reached skill level 5 in Air Magic
 12272 | D:10     | Reached skill level 5 in Earth Magic
 12272 | D:10     | Reached skill level 5 in Poison Magic
 12954 | D:11     | Found a staircase to the Orcish Mines.
 13231 | D:11     | Noticed a manticore
 13247 | D:11     | Killed a manticore
 13247 | D:11     | Received a gift from Okawaru
 13563 | D:11     | Found a white marble altar of Elyvilon.
 13823 | D:12     | Found Jojo's Elemental Accessories.
 13852 | D:12     | Found a frozen archway.
 13921 | D:12     | Slain by an ice devil

Levels and vault maps discovered:
D:1:      dpeg_arrival_circle_labyrinth_c, layout_basic, minmay_hexomino_r4
D:2:      layout_basic, nicolae_overflow_crystal_walls, first_ration,
          grunt_decor_one_mirror
D:3:      layout_loops_ring, lemuel_crystal_altar,
          nicolae_overflow_hidden_temple, chequers_ecumenical_altar_lobes,
          uniq_natasha
D:4:      layout_loops_ring, temple_pool_b, serial_rivers,
          chequers_serial_rivers_micro_b, chequers_serial_rivers_room_a,
          chequers_serial_rivers_micro_e, chequers_serial_rivers_room_b,
          roderic_roman_lattice, minivault_14
D:5:      layout_basic, uniq_sigmund
D:6:      layout_gridville, serial_shops, nicolae_shop_stone, uniq_blork_the_orc
D:7:      layout_basic, kennysheep_mini_moat, nicolae_ru_path_of_blood,
          grunt_ogre_cave, kennysheep_generic_room_13, uniq_harold
D:8:      layout_basic, lemuel_mausoleum_altar_yredelemnul, david_lair_generic,
          nicolae_ossuary_entry_monument, serial_shops, shop, nicolae_shop_trees
D:9:      layout_loops_cross, serial_shops, shop, tgw_xom
D:10:     layout_basic
D:11:     layout_cave_pools, orc_david_3, serial_bayou_pond_a,
          nicolae_benzene_ring, kennysheep_another_room, minmay_curled_crystal,
          elyvilon_altar_5
D:12:     layout_long_grid, portal_ice_cave_demonic_guard,
          nicolae_elemental_shop, grunt_decor_arrowhead,
          hangedman_abyss_or_decor_stagger, uniq_azrael, uniq_nergalle
Temple:   eino_temple_rhombus

Skill      XL: |  1  2  3  4  5  6  7  8  9 10 11 |
---------------+----------------------------------+-----
Spellcasting   | 5 6 7 8 |  8.3
Invocations    | 1 2 3 4 5 6 7 |  7.1
Short Blades   | 1 2 3 4 5 6 |  6.5
Long Blades    | 1 2 3 4 5 6 |  6.5
Axes           | 1 2 3 4 5 6 |  6.5
Maces & Flails | 1 2 3 4 5 6 |  6.5
Staves         | 1 2 3 4 5 6 |  6.5
Slings         | 1 2 3 4 5 6 |  6.5
Bows           | 1 2 3 4 5 6 |  6.5
Crossbows      | 1 2 3 4 5 6 |  6.5
Throwing       | 1 2 3 4 5 6 |  6.5
Stealth        | 1 2 3 4 5 6 |  6.5
Shields        | 1 2 3 4 5 6 |  6.5
Unarmed Combat | 1 2 3 4 5 6 |  6.5
Evocations     | 1 2 3 4 5 6 |  6.5
Conjurations   | 1 2 3 4 5 |  5.4
Hexes          | 1 2 3 4 5 |  5.4
Summonings     | 1 2 3 4 5 |  5.4
Necromancy     | 1 2 3 4 5 |  5.4
Translocations | 1 2 3 4 5 |  5.4
Transmutations | 1 2 3 4 5 |  5.4
Fire Magic     | 1 2 3 4 5 |  5.4
Ice Magic      | 1 2 3 4 5 |  5.4
Air Magic      | 1 2 3 4 5 |  5.4
Earth Magic    | 1 2 3 4 5 |  5.4
Poison Magic   | 1 2 3 4 5 |  5.4
Armour         | 3 4 5 6 7 |  7.1
Fighting       | 5 6 7 8 |  8.0
Polearms       | 5 6 7 8 |  8.0
Dodging        | 5 6 7 8 |  8.0
Charms         | 6 7 |  7.8

Action                   |  1- 3 |  4- 6 |  7- 9 | 10-12 || total
-------------------------+-------+-------+-------+-------++-------
Melee: Spear             |   157 |   199 |   264 |   685 ||  1305
       Bite              |    15 |    19 |    37 |   130 ||   201
       Whip              |       |       |    21 |       ||    21
       Punch             |       |       |     5 |    18 ||    23
       Scythe            |       |       |    11 |       ||    11
Throw: Boomerang         |       |     4 |     6 |     9 ||    19
 Cast: Infusion          |     4 |     2 |     1 |       ||     7
       Spectral Weapon   |     4 |    15 |    21 |    52 ||    92
       Regeneration      |       |       |       |     2 ||     2
Invok: Heroism           |       |       |       |     2 ||     2
       Finesse           |       |       |       |     2 ||     2
Evoke: Wand              |       |       |     3 |       ||     3
  Use: Scroll            |       |       |    12 |     8 ||    20
       Potion            |       |       |       |     2 ||     2
 Stab: Sleeping          |     3 |     2 |     3 |     9 ||    17
       Distracted        |       |     1 |       |    10 ||    11
  Eat: Chunk             |     3 |     8 |    12 |    12 ||    35
       Ration            |       |       |     1 |     3 ||     4
Armor: Leather armour    |    27 |    31 |     8 |       ||    66
       Ring mail         |       |       |    57 |   172 ||   229
Dodge: Dodged            |   102 |    95 |   184 |   507 ||   888

Table legend:
 A = Non-vault XP
 B = Vault XP
 C = Vault XP percentage of total XP
 D = Non-vault monster count
 E = Vault monster count
 F = Vault count percentage of total count
                 A         B        C        D         E       F
            +---------+---------+-------+---------+---------+-------
      Total |   12138 |    4445 |  26.8 |     256 |      51 |  16.6
            +---------+---------+-------+---------+---------+-------
        D:1 |      44 |       4 |   8.3 |      27 |       3 |  10.0
        D:2 |      88 |       0 |   0.0 |      23 |       0 |   0.0
        D:3 |     210 |      35 |  14.3 |      37 |       1 |   2.6
        D:4 |     506 |       0 |   0.0 |      15 |       0 |   0.0
        D:5 |     314 |     227 |  42.0 |      10 |       1 |   9.1
        D:6 |     551 |     211 |  27.7 |      18 |       2 |  10.0
        D:7 |    1716 |    1037 |  37.7 |      27 |       2 |   6.9
        D:8 |    1755 |    1831 |  51.1 |      39 |      16 |  29.1
        D:9 |    1069 |     109 |   9.3 |      10 |       5 |  33.3
       D:10 |    3004 |       0 |   0.0 |      29 |       0 |   0.0
       D:11 |    2377 |     284 |  10.7 |      16 |       4 |  20.0
       D:12 |     504 |     346 |  40.7 |       5 |       1 |  16.7
    Ossuary |       0 |     361 | 100.0 |       0 |      16 | 100.0
            +---------+---------+-------+---------+---------+-------
